 Dungeon Crawl Stone Soup version 0.23-a0-109-g5e4b187 (webtiles) character file.

25 Amnesiac the Magician (level 2, -1/19 HPs)
             Began as a Mummy Air Elementalist on Aug 22, 2018.
             Slain by a leopard gecko (2 damage)
             ... on level 3 of the Dungeon.
             The game lasted 00:04:20 (872 turns).

Amnesiac the Magician (Mummy Air Elementalist)       Turns: 872, Time: 00:04:20

Health: -1/19      AC:  2    Str: 11    XL:     2   Next: 82%
Magic:  3/6        EV: 12    Int: 14    God:
Gold:   60         SH:  0    Dex: 12    Spells: 4/7 levels left

rFire    x . .     SeeInvis .   g - +0 long sword
rCold    + . .     Gourm    .   (no shield)
rNeg     + + +     Faith    .   a - +0 robe
rPois    ∞         Spirit   .   (no helmet)
rElec    .         Reflect  .   (no cloak)
rCorr    .         Harm     .   (no gloves)
MR       .....                  (no boots)
Stlth    ++........             (no amulet)
HPRegen  0.06/turn              (no ring)
MPRegen  0.10/turn              (no ring)

@: no status effects
A: no food or potions, fire vulnerability, cold resistance 1, negative energy
resistance 3, torment resistance, unbreathing
a: no special abilities


You were on level 3 of the Dungeon.
You were not hungry.

You visited 1 branch of the dungeon, and saw 3 of its levels.

You collected 60 gold pieces.

Inventory:

Hand Weapons
 g - a +0 long sword (weapon)
Armour
 a - a +0 robe (worn)
Jewellery
 c - an uncursed ring of magical power {unknown}
Scrolls
 b - 3 scrolls of identify {!r, unknown}
 d - 2 scrolls of teleportation {!r, unknown}
 e - a scroll of random uselessness {!r, unknown}
 f - 3 scrolls of immolation {!r, unknown}


   Skills:
 - Level 1.5 Dodging
 - Level 1.5 Stealth
 + Level 3.3 Spellcasting
 - Level 0.7 Conjurations
 + Level 3.1 Air Magic


You had 4 spell levels left.
You knew the following spells:

 Your Spells              Type           Power        Failure   Level  Hunger
a - Shock                 Conj/Air       #...         10%         1    N/A
z - Swiftness             Chrm/Air       #.......     17%         2    N/A

Your spell library contained the following spells:

 Spells                   Type           Power        Failure   Level  Hunger
 Static Discharge         Conj/Air       #.......     28%         3    N/A
 Airstrike                Air            ##........   50%         4    N/A
 Lightning Bolt           Conj/Air       #.........   95%         5    N/A

Dungeon Overview and Level Annotations

Branches:
Dungeon (3/15)

Altars:


Innate Abilities, Weirdness & Mutations

You do not eat or drink.
Your flesh is vulnerable to fire.
You are immune to poison.
Your flesh is cold resistant. (rC+)
You are immune to negative energy. (rN+++)
You are immune to unholy pain and torment.
You can survive without breathing.


Message History

The rat is heavily wounded.
The rat bites you.
* * * LOW HITPOINT WARNING * * *
You see here 16 gold pieces.
Casting: Shock (safe; 10% risk of failure)
Confirm with . or Enter, or press ? or * to list all spells.
Aiming: Shock (safe; 10% risk of failure)
Press: ? - help, Shift-Dir - straight line
Okay, then.
Unknown command.
The giant cockroach bites you but does no damage.
Casting: Shock (safe; 10% risk of failure)
Confirm with . or Enter, or press ? or * to list all spells.
Aiming: Shock (safe; 10% risk of failure)
Press: ? - help, Shift-Dir - straight line That beam is likely to hit you.
Continue anyway?
The zap hits the giant cockroach.
The giant cockroach is moderately wounded.
The zap hits the rat.
You kill the rat!
The zap hits the giant cockroach.
You kill the giant cockroach!
The zap misses you.
The frilled lizard hisses angrily.
Casting: Shock (safe; 10% risk of failure)
Confirm with . or Enter, or press ? or * to list all spells.
Aiming: Shock (safe; 10% risk of failure)
Press: ? - help, Shift-Dir - straight line, f - rat
Aim: a rat
Okay, then.
Casting: Shock (safe; 10% risk of failure)
Confirm with . or Enter, or press ? or * to list all spells.
Aiming: Shock (safe; 10% risk of failure)
Press: ? - help, Shift-Dir - straight line, f - rat
Aim: a rat The zap hits the rat.
You kill the rat!
You see here 16 gold pieces.
You hear the slow rusting of a distant drain. 2 orcs come into view.
An orc comes into view. It is wielding a trident.
Casting: Shock (safe; 10% risk of failure)
Confirm with . or Enter, or press ? or * to list all spells.
Aiming: Shock (safe; 10% risk of failure)
Press: ? - help, Shift-Dir - straight line, f - frilled lizard
Aim: a frilled lizard The zap hits the frilled lizard.
You kill the frilled lizard!
The orc shouts!
A kobold and an orc come into view.
The orc shouts!
The kobold shouts!
A leopard gecko comes into view.
Unknown command.
The leopard gecko hisses angrily.
A goblin comes into view. It is wielding a whip.
Found 18 gold pieces.
The goblin shouts!
You see here 18 gold pieces.
Unknown command.
You now have 60 gold pieces (gained 18).
The leopard gecko bites you.
* * * LOW HITPOINT WARNING * * *
The leopard gecko bites you.
You die...

############
#..........#
#..........#
#..........#
#..........#
#.........o##########.
##..........gol@.......
##...........##########.
...............
###............
..>...........g.
...###...#..###. ...#
......# ....o...)##
.....# ##


You could see 2 orcs, a leopard gecko and a goblin.

Vanquished Creatures
  A dart slug (D:1)
  2 giant cockroaches
  4 hobgoblins (D:1)
  2 quokkas (D:2)
  3 bats (D:1)
  3 frilled lizards
  2 kobolds
  6 rats
23 creatures vanquished.

Notes
Turn   | Place    | Note
-------+----------+-------------------------------------------
     0 | D:1      | Amnesiac the Mummy Air Elementalist began the quest for the Orb.
     0 | D:1      | Reached XP level 1. HP: 13/13 MP: 4/4
   421 | D:1      | Reached XP level 2. HP: 19/19 MP: 2/5
   438 | D:1      | Learned a level 2 spell: Swiftness
   872 | D:3      | Slain by a leopard gecko

Vault maps used:
D:1:      mrwooster_arrival_statue_2, st_stairs_5, minmay_box_of_dots
D:2:      first_ration, kennysheep_generic_room_3
D:3:      cheibrodos_sewer_entry_sluice, minmay_bisected

Skill      XL: |  1  2 |
---------------+-------+-----
Spellcasting   | 3 |  3.3
Air Magic      | 3 |  3.1
Dodging        | |  1.5
Stealth        | |  1.5
Conjurations   | |  0.7

Action                   || total
-------------------------++-------
Melee: Unarmed           ||    19
 Cast: Shock             ||    38
Armor: Robe              ||    17
Dodge: Dodged            ||    25
       Rpst.: Long sword ||     1

Table legend:
 A = Non-vault XP
 B = Vault XP
 C = Vault XP percentage of total XP
 D = Non-vault monster count
 E = Vault monster count
 F = Vault count percentage of total count
                 A         B        C        D         E       F
            +---------+---------+-------+---------+---------+-------
      Total |      36 |       0 |   0.0 |      23 |       0 |   0.0
            +---------+---------+-------+---------+---------+-------
        D:1 |      22 |       0 |   0.0 |      12 |       0 |   0.0
        D:2 |       8 |       0 |   0.0 |       6 |       0 |   0.0
        D:3 |       6 |       0 |   0.0 |       5 |       0 |   0.0
            +---------+---------+-------+---------+---------+-------
